TOP OF THE 1ST |
Delmarva Shorebirds batting - Pitching for Hickory Crawdads : RHP Alexander Neustroev
|
Pitching: RHP Alexander Neustroev
|
|
Batting: RHB Michel Kamphuis
|
0-0: Foul Ball, location: 2F 0-1: Ball 1-1: Foul Ball, location: 2F 1-2: Ball 2-2: Strikes out looking
|
Batting: RHB Francisco Viera
|
0-0: Called Strike 0-1: Called Strike 0-2: SOLO HOME RUN (Flyball, 78XD, EV 116.9 MPH), Distance : 446 ft
|
Batting: LHB Raul Rojas
|
0-0: Ball 1-0: Fly out, F7 (Line Drive, 7, EV 96.2 MPH)
|
Batting: SHB Justin Toth
|
0-0: Ball 1-0: Foul Ball, location: 2F 1-1: Ball 2-1: Foul Ball, location: 2F 2-2: Ball 3-2: Base on Balls
|
Batting: LHB Andrew Erens
|
0-0: Called Strike 0-1: SINGLE (Groundball, 4MD, EV 97.5 MPH) Justin Toth to second Runner from 2nd tries for 3rd, SAFE, throw by CF made to third
|
Batting: RHB Alex Jacobo
|
0-0: Ball 1-0: Ball 2-0: Ground out 1-3 (Groundball, 13, EV 66.2 MPH)
|
Top of the 1st over - 1 run, 2 hits, 0 errors, 2 left on base; Delmarva 1 - Hickory 0 |
BOTTOM OF THE 1ST |
Hickory Crawdads batting - Pitching for Delmarva Shorebirds : RHP Josh Blankenship
|
Pitching: RHP Josh Blankenship
|
|
Batting: LHB Franklin Quezada
|
0-0: Ball 1-0: Bunt missed! 1-1: Ball 2-1: Foul Ball, location: 2F 2-2: Foul Ball, location: 2F 2-2: Ball 3-2: Base on Balls
|
Batting: RHB Chris Powell
|
0-0: Ball 1-0: Ball Franklin Quezada steals 2nd base 2-0: Called Strike 2-1: Foul Ball, location: 2F 2-2: Strikes out swinging
|
Batting: RHB Doug Hammertime
|
0-0: Ball 1-0: Ball Franklin Quezada steals 3rd base 2-0: Called Strike 2-1: Foul Ball, location: 2F 2-2: Foul Ball, location: 2F 2-2: Foul Ball, location: 2F 2-2: Foul Ball, location: 2F 2-2: Foul Ball, location: 2F 2-2: Ball 3-2: Ground out 3-1 (Groundball, 13, EV 77.5 MPH) Franklin Quezada scores
|
Batting: RHB George King
|
0-0: Called Strike 0-1: Ball 1-1: Called Strike 1-2: Foul Ball, location: 2F 1-2: Foul Ball, location: 2F 1-2: Ball 2-2: Ball 3-2: Fly out, F8 (Flyball, 8RM, EV 91.9 MPH)
|
Bottom of the 1st over - 1 run, 0 hits, 0 errors, 0 left on base; Delmarva 1 - Hickory 1 |
TOP OF THE 2ND |
Delmarva Shorebirds batting - Pitching for Hickory Crawdads : RHP Alexander Neustroev
|
Batting: LHB Momoru Yasui
|
0-0: Ball 1-0: Fly out, F8 (Flyball, 8RM, EV 89.4 MPH)
|
Batting: RHB Kiyuu del Castillo
|
0-0: Ball 1-0: Ball 2-0: Called Strike 2-1: Swinging Strike 2-2: Strikes out looking
|
Batting: RHB Adam Swimmer
|
0-0: Ball 1-0: Ball 2-0: Called Strike 2-1: Fly out, F3 (Popup, 3SF, EV 78.8 MPH)
|
Top of the 2nd over - 0 runs, 0 hits, 0 errors, 0 left on base; Delmarva 1 - Hickory 1 |
BOTTOM OF THE 2ND |
Hickory Crawdads batting - Pitching for Delmarva Shorebirds : RHP Josh Blankenship
|
Batting: LHB Nick Foutz
|
0-0: Ball 1-0: Ball 2-0: Called Strike 2-1: Swinging Strike 2-2: Foul Ball, location: 2F 2-2: Ball 3-2: SINGLE (Groundball, 25, EV 72.5 MPH) (infield hit)
|
Batting: LHB Ben Radach
|
0-0: Foul Ball, location: 2F 0-1: Ball Nick Foutz is caught stealing 2nd base 2-6 1-1: Ball 2-1: Foul Ball, location: 2F 2-2: Ball 3-2: Fly out, F8 (Flyball, 8LD, EV 96.9 MPH)
|
Batting: LHB Casper Kersten
|
0-0: Ground out 3-1 (Groundball, 34S, EV 88.1 MPH)
|
Bottom of the 2nd over - 0 runs, 1 hit, 0 errors, 0 left on base; Delmarva 1 - Hickory 1 |
TOP OF THE 3RD |
Delmarva Shorebirds batting - Pitching for Hickory Crawdads : RHP Alexander Neustroev
|
Batting: RHB Michel Kamphuis
|
0-0: Foul Ball, location: 2F 0-1: Called Strike 0-2: Foul Ball, location: 2F 0-2: Ball 1-2: Ball 2-2: Foul Ball, location: 2F 2-2: Foul Ball, location: 2F 2-2: SINGLE (Line Drive, 6M, EV 104.4 MPH)
|
Batting: RHB Francisco Viera
|
0-0: Ball Wild Pitch! Michel Kamphuis to second 1-0: Called Strike 1-1: Ball 2-1: Foul Ball, location: 2F 2-2: Hit by Pitch
|
Batting: LHB Raul Rojas
|
0-0: Foul Ball, location: 2F 0-1: Swinging Strike 0-2: Foul Ball, location: 2F 0-2: Foul Ball, location: 2F 0-2: Strikes out swinging
|
Batting: SHB Justin Toth
|
0-0: Fly out, F8 (Flyball, 78D, EV 86.2 MPH)
|
Batting: LHB Andrew Erens
|
0-0: Ball 1-0: Swinging Strike 1-1: Foul Ball, location: 2F 1-2: Ball 2-2: Ball 3-2: SINGLE (Line Drive, 9S, EV 98.1 MPH) Michel Kamphuis to third Francisco Viera to second Michel Kamphuis scores Francisco Viera to third
|
Batting: RHB Alex Jacobo
|
0-0: Ground out 6-3 (Groundball, 6S, EV 64.4 MPH)
|
Top of the 3rd over - 1 run, 2 hits, 0 errors, 2 left on base; Delmarva 2 - Hickory 1 |
BOTTOM OF THE 3RD |
Hickory Crawdads batting - Pitching for Delmarva Shorebirds : RHP Josh Blankenship
|
Batting: RHB Adryão Anto
|
0-0: Called Strike 0-1: Ball 1-1: Swinging Strike 1-2: Ball 2-2: Ball 3-2: Strikes out swinging
|
Batting: RHB Jose Guerrero
|
0-0: Foul Ball, location: 2F 0-1: SINGLE (Groundball, 5S, EV 70.6 MPH) (infield hit)
|
Batting: LHB Franklin Quezada
|
0-0: Called Strike 0-1: Ball 1-1: Called Strike 1-2: Ball 2-2: SINGLE (Line Drive, 4MD, EV 107.5 MPH) Jose Guerrero to second Jose Guerrero to third
|
Batting: RHB Chris Powell
|
0-0: Ball Franklin Quezada is caught stealing 2nd base 2-4 1-0: Called Strike 1-1: Called Strike 1-2: Ground out 6-3 (Groundball, 6S, EV 86.9 MPH)
|
Bottom of the 3rd over - 0 runs, 2 hits, 0 errors, 1 left on base; Delmarva 2 - Hickory 1 |
TOP OF THE 4TH |
Delmarva Shorebirds batting - Pitching for Hickory Crawdads : RHP Alexander Neustroev
|
Batting: LHB Momoru Yasui
|
0-0: Called Strike 0-1: Called Strike 0-2: Foul Ball, location: 2F 0-2: Ball 1-2: Ball 2-2: Ground out 5-3 (Groundball, 6S, EV 72.5 MPH)
|
Batting: RHB Kiyuu del Castillo
|
0-0: Called Strike 0-1: Ball 1-1: Swinging Strike 1-2: Foul Ball, location: 2F 1-2: Ball 2-2: Fly out, F7 (Flyball, 7, EV 93.1 MPH)
|
Batting: RHB Adam Swimmer
|
0-0: Ball 1-0: Called Strike 1-1: Foul Ball, location: 2F 1-2: Strikes out swinging
|
Top of the 4th over - 0 runs, 0 hits, 0 errors, 0 left on base; Delmarva 2 - Hickory 1 |
BOTTOM OF THE 4TH |
Hickory Crawdads batting - Pitching for Delmarva Shorebirds : RHP Josh Blankenship
|
Batting: RHB Doug Hammertime
|
0-0: Called Strike 0-1: Ball 1-1: Ball 2-1: TRIPLE (Flyball, 89XD, EV 105.6 MPH)
|
Batting: RHB George King
|
0-0: Called Strike 0-1: Ball 1-1: Foul Ball, location: 2F 1-2: Foul Ball, location: 2F 1-2: Ball 2-2: Ground out 6-3 (Groundball, 6MS, EV 63.1 MPH)
|
Batting: LHB Nick Foutz
|
0-0: Ball 1-0: Ground out 4-3 (Groundball, 34, EV 89.4 MPH)
|
Batting: LHB Ben Radach
|
0-0: Foul Ball, location: 2F 0-1: Ball 1-1: Ball 2-1: Ball 3-1: Swinging Strike 3-2: Strikes out looking
|
Bottom of the 4th over - 0 runs, 1 hit, 0 errors, 1 left on base; Delmarva 2 - Hickory 1 |
TOP OF THE 5TH |
Delmarva Shorebirds batting - Pitching for Hickory Crawdads : RHP Alexander Neustroev
|
Batting: RHB Michel Kamphuis
|
0-0: Foul Ball, location: 2F 0-1: Foul Ball, location: 2F 0-2: Ball 1-2: Ball 2-2: SINGLE (Line Drive, 9S, EV 101.9 MPH)
|
Batting: RHB Francisco Viera
|
0-0: Called Strike 0-1: Fielders Choice at 2nd, 6-4 (Groundball, 56, EV 91.9 MPH)
|
Batting: LHB Raul Rojas
|
0-0: Called Strike 0-1: Foul Ball, location: 2F 0-2: Foul Ball, location: 2F 0-2: Ball 1-2: Foul Ball, location: 2F 1-2: Foul Ball, location: 2F 1-2: Fly out, F7 (Flyball, 7D, EV 86.2 MPH) Runner from 1st tags up, SAFE at 2nd
|
Batting: SHB Justin Toth
|
0-0: Ball 1-0: Ground out 4-3 (Groundball, 4, EV 101.9 MPH)
|
Top of the 5th over - 0 runs, 1 hit, 0 errors, 1 left on base; Delmarva 2 - Hickory 1 |
BOTTOM OF THE 5TH |
Hickory Crawdads batting - Pitching for Delmarva Shorebirds : RHP Josh Blankenship
|
Batting: LHB Casper Kersten
|
0-0: Called Strike 0-1: Called Strike 0-2: Strikes out swinging
|
Batting: RHB Adryão Anto
|
0-0: Ball 1-0: Fly out, F9 (Flyball, 9, EV 88.8 MPH)
|
Batting: RHB Jose Guerrero
|
0-0: Ball 1-0: Foul Ball, location: 2F 1-1: Ground out 4-3 (Groundball, 4, EV 84.4 MPH)
|
Bottom of the 5th over - 0 runs, 0 hits, 0 errors, 0 left on base; Delmarva 2 - Hickory 1 |
TOP OF THE 6TH |
Delmarva Shorebirds batting - Pitching for Hickory Crawdads : RHP Alexander Neustroev
|
Batting: LHB Andrew Erens
|
0-0: Foul Ball, location: 2F 0-1: Ball 1-1: SINGLE (Line Drive, 5D, EV 106.9 MPH)
|
Batting: RHB Alex Jacobo
|
0-0: Called Strike 0-1: Ball 1-1: Ball 2-1: Ground out 6-3 (Groundball, P, EV 93.8 MPH) Andrew Erens to second
|
Batting: LHB Momoru Yasui
|
0-0: Called Strike 0-1: Ground out 4-3 (Groundball, 4, EV 85.0 MPH) Andrew Erens to third
|
Batting: RHB Kiyuu del Castillo
|
0-0: Swinging Strike 0-1: Swinging Strike 0-2: Foul Ball, location: 2F Balk! Andrew Erens scores 0-2: Strikes out swinging
|
Top of the 6th over - 1 run, 1 hit, 0 errors, 0 left on base; Delmarva 3 - Hickory 1 |
BOTTOM OF THE 6TH |
Hickory Crawdads batting - Pitching for Delmarva Shorebirds : RHP Josh Blankenship
|
Pitching: LHP Eric Bice
|
|
Pinch Hitting: RHB Luke Stark
|
0-0: Foul Ball, location: 2F 0-1: Foul Ball, location: 2F 0-2: Strikes out swinging
|
Batting: RHB Chris Powell
|
0-0: Ball 1-0: Ball 2-0: DOUBLE (Line Drive, 8RXD, EV 105.0 MPH)
|
Batting: RHB Doug Hammertime
|
0-0: Ball Chris Powell steals 3rd base 1-0: Called Strike 1-1: Foul Ball, location: 2F 1-2: Foul Ball, location: 2F 1-2: Foul Ball, location: 2F 1-2: Ball 2-2: Ground out 4-3 (Groundball, 34, EV 103.8 MPH)
|
Batting: RHB George King
|
0-0: Ball 1-0: Foul Ball, location: 2F 1-1: Called Strike 1-2: Strikes out looking
|
Bottom of the 6th over - 0 runs, 1 hit, 0 errors, 1 left on base; Delmarva 3 - Hickory 1 |
TOP OF THE 7TH |
Delmarva Shorebirds batting - Pitching for Hickory Crawdads : RHP Alexander Neustroev
|
Pitching: RHP Orlando Mendoza
|
|
Now at 3B: Luke Stark
|
|
Now in CF: Casper Kersten
|
|
Batting: RHB Adam Swimmer
|
0-0: Ground out 6-3 (Groundball, 6, EV 83.8 MPH)
|
Batting: RHB Michel Kamphuis
|
0-0: Ball 1-0: Ball 2-0: Ground out 6-3 (Groundball, 6, EV 82.5 MPH)
|
Batting: RHB Francisco Viera
|
0-0: Called Strike 0-1: Swinging Strike 0-2: Ball 1-2: Foul Ball, location: 2F 1-2: Strikes out swinging
|
Top of the 7th over - 0 runs, 0 hits, 0 errors, 0 left on base; Delmarva 3 - Hickory 1 |
BOTTOM OF THE 7TH |
Hickory Crawdads batting - Pitching for Delmarva Shorebirds : LHP Eric Bice
|
Batting: LHB Nick Foutz
|
0-0: Swinging Strike 0-1: Ball 1-1: Ball 2-1: Ball 3-1: Called Strike 3-2: Strikes out swinging
|
Pinch Hitting: RHB Jason Swisher
|
0-0: Called Strike 0-1: Ball 1-1: Ball 2-1: Swinging Strike 2-2: DOUBLE (Line Drive, 7LD, EV 105.0 MPH)
|
Pinch Hitting: RHB Garrison Feltham
|
0-0: Ball 1-0: Foul Ball, location: 2F 1-1: Ball 2-1: Ball 3-1: Foul Ball, location: 2F 3-2: Base on Balls
|
Batting: RHB Adryão Anto
|
0-0: Called Strike 0-1: Ball 1-1: Grounds into double play, 6-4-3 (Groundball, 6, EV 81.9 MPH)
|
Bottom of the 7th over - 0 runs, 1 hit, 0 errors, 1 left on base; Delmarva 3 - Hickory 1 |
TOP OF THE 8TH |
Delmarva Shorebirds batting - Pitching for Hickory Crawdads : RHP Orlando Mendoza
|
Pitching: LHP Logan Benson
|
|
Now at 1B: Jason Swisher
|
|
Now in CF: Adryão Anto
|
|
Now in RF: Antonio Domingues
|
|
Batting: LHB Raul Rojas
|
0-0: Called Strike 0-1: Ball 1-1: Foul Ball, location: 2F 1-2: Foul Ball, location: 2F 1-2: Ball 2-2: Ball 3-2: Base on Balls
|
Batting: SHB Justin Toth
|
0-0: Ball 1-0: Swinging Strike 1-1: Called Strike 1-2: Ball 2-2: DOUBLE (Groundball, 5L, EV 103.1 MPH) Raul Rojas to third
|
Batting: LHB Andrew Erens
|
0-0: Called Strike 0-1: Ball 1-1: Swinging Strike 1-2: Strikes out looking
|
Batting: RHB Alex Jacobo
|
0-0: Ball 1-0: Hit by Pitch
|
Batting: LHB Momoru Yasui
|
0-0: Swinging Strike 0-1: Foul Ball, location: 2F 0-2: Foul Ball, location: 2F 0-2: Ball 1-2: Ball 2-2: Strikes out looking
|
Batting: RHB Kiyuu del Castillo
|
0-0: Called Strike 0-1: Ball 1-1: Foul Ball, location: 2F 1-2: Ball 2-2: Ground out 4-3 (Groundball, 4, EV 100.0 MPH)
|
Top of the 8th over - 0 runs, 1 hit, 0 errors, 3 left on base; Delmarva 3 - Hickory 1 |
BOTTOM OF THE 8TH |
Hickory Crawdads batting - Pitching for Delmarva Shorebirds : LHP Eric Bice
|
Pitching: RHP Mike Brubaker
|
|
Pinch Hitting: LHB Yat-sen Zhu
|
0-0: Called Strike 0-1: Ball 1-1: Called Strike 1-2: DOUBLE (Groundball, 5L, EV 105.0 MPH)
|
Pinch Hitting: SHB Rich Rubio
|
0-0: Ball 1-0: Foul Ball, location: 2F 1-1: Foul Ball, location: 2F 1-2: Fly out, F7 (Flyball, 7LS, EV 81.2 MPH)
|
Batting: RHB Chris Powell
|
0-0: Ball 1-0: Ball 2-0: Ball 3-0: Ground out 4-3 (Groundball, 4M, EV 91.2 MPH) Yat-sen Zhu to third
|
Batting: RHB Doug Hammertime
|
0-0: Ball 1-0: Ball 2-0: Ball 3-0: Called Strike 3-1: Called Strike 3-2: Foul Ball, location: 2F 3-2: Ground out U3 (Groundball, 34S, EV 66.2 MPH)
|
Bottom of the 8th over - 0 runs, 1 hit, 0 errors, 1 left on base; Delmarva 3 - Hickory 1 |
TOP OF THE 9TH |
Delmarva Shorebirds batting - Pitching for Hickory Crawdads : LHP Logan Benson
|
Pitching: RHP Zach Snodgrass
|
|
Now at 3B: Yat-sen Zhu
|
|
Now at SS: Jason Sher
|
|
Batting: RHB Adam Swimmer
|
0-0: Called Strike 0-1: Called Strike 0-2: Strikes out looking
|
Batting: RHB Michel Kamphuis
|
0-0: Called Strike 0-1: Ball 1-1: Ball 2-1: Foul Ball, location: 2F 2-2: Strikes out swinging
|
Batting: RHB Francisco Viera
|
0-0: Ball 1-0: Ground out 4-3 (Groundball, 34, EV 83.8 MPH)
|
Top of the 9th over - 0 runs, 0 hits, 0 errors, 0 left on base; Delmarva 3 - Hickory 1 |
BOTTOM OF THE 9TH |
Hickory Crawdads batting - Pitching for Delmarva Shorebirds : RHP Mike Brubaker
|
Pitching: LHP Mark Gehring
|
|
Batting: RHB George King
|
0-0: Ball 1-0: Ground out 5-3 (Groundball, 56S, EV 83.1 MPH)
|
Pinch Hitting: RHB Bobby Larson
|
0-0: Ball 1-0: Called Strike 1-1: Called Strike 1-2: Ground out 5-3 (Groundball, 5S, EV 86.2 MPH)
|
Batting: RHB Jason Swisher
|
0-0: Ball 1-0: Ball 2-0: Ball 3-0: Foul Ball, location: 2F 3-1: Foul Ball, location: 2F 3-2: Foul Ball, location: 2F 3-2: Base on Balls
|
Batting: LHB Antonio Domingues
|
0-0: Ball 1-0: Called Strike 1-1: Fly out, F8 (Line Drive, 8RD, EV 88.8 MPH)
|
Bottom of the 9th over - 0 runs, 0 hits, 0 errors, 1 left on base; Delmarva 3 - Hickory 1 |
|